Rockets vs Comets
Created - November 26, 2025 at 19:01
Goals
|
| Rockets |
3 |
0 |
1 |
4 |
| Comets |
2 |
3 |
2 |
7 |
|
Shots
|
| Rockets |
11 |
8 |
11 |
30 |
| Comets |
14 |
3 |
16 |
33 |
|
1st period
1. Rockets , Cole Caufield 2 (Kaiden Guhle 2, Connor Hellebyuk) at 4:45
2. Rockets , Cole Caufield 3 (Anders Bjork 2, Jayden Struble 2) at 7:55
3. Comets , Conor Garland 9 (Brett Seney 11, Mason Marchment 6) at 12:40
4. Comets , Alexandre Texier 5 (Brett Howden 8) at 14:51
5. Rockets , Mason Appleton 6 (Lucas Raymond 7) at 15:53
Penalties :
Jake Bean (Uti) for Interference (Minor) at 8:17
2nd period
6. Comets , Kailer Yamamoto 7 (Brett Howden 9, Alexandre Texier 8) at 1:31
7. Comets , Alexandre Texier 6 (Jake Bean 4) at 1:48
8. Comets , Kailer Yamamoto 8 (Filip Roos 3, Nicolas Roy 3) at 16:08
Penalties :
Kaiden Guhle (Lav) for Tripping (Minor) at 2:13
3rd period
9. Comets , Brett Howden 4 (Kailer Yamamoto 5, Vincent Desharnais 2) at 1:32
10. Comets , Alexandre Texier 7 (Kailer Yamamoto 6, Brett Howden 10) at 4:06
11. Rockets , Jesperi Kotkaniemi 4 (Thomas Harley 10, Noah Dobson 3) at 7:38
Penalties :
Martin Fehervary (Lav) for Slashing (Minor) at 14:32
Goalie Stats
Jakub Dobes (Lav), 14 saves from 16 shots - (0.875), 23:52 minutes
Connor Hellebyuk (Lav), 12 saves from 17 shots - (0.706), L, 5-2-0, 36:08 minutes
Akira Schmid (Uti), 26 saves from 30 shots - (0.867), W, 3-0-2, 60:00 minutes
Players Stats for Rockets
Player Name G A P +/- PIM S H SB GA TA FO MP PP MP PK MP
------------------------------------------------------------------------------------
0 0 0 0 0 0 0 0 0 0 0/0 0:00 0:00 0:00
0 0 0 0 0 0 0 0 0 0 0/0 0:00 0:00 0:00
0 0 0 0 0 0 0 0 0 0 0/0 0:00 0:00 0:00
0 0 0 0 0 0 0 0 0 0 0/0 0:00 0:00 0:00
0 0 0 0 0 0 0 0 0 0 0/0 0:00 0:00 0:00
0 0 0 0 0 0 0 0 0 0 0/0 0:00 0:00 0:00
Alex Newhook 0 0 0 0 0 1 2 0 0 0 0/0 14:32 0:55 0:00
Anders Bjork 0 1 1 -2 0 2 1 0 0 2 0/1 17:48 0:00 0:54
Arber Xhekaj 0 0 0 0 0 0 2 1 0 1 0/0 13:40 0:00 1:54
Cole Caufield 2 0 2 1 0 4 0 0 0 0 0/0 9:47 1:04 0:00
Dennis Gilbert 0 0 0 0 0 1 0 0 0 0 0/0 5:21 0:00 2:04
Evan Rodrigues 0 0 0 0 0 4 1 1 0 1 0/1 16:06 0:00 2:08
Jake Evans 0 0 0 -3 0 4 3 1 2 0 10/17 19:58 1:04 0:54
Jayden Struble 0 1 1 0 0 0 0 0 0 0 0/0 8:40 0:00 0:00
Jesperi Kotkaniemi 1 0 1 0 0 1 1 2 0 0 12/24 17:54 0:00 2:06
John-Jason Peterka 0 0 0 1 0 2 0 0 0 0 0/0 10:45 0:55 0:00
Kaiden Guhle 0 1 1 0 2 1 1 1 0 1 0/0 20:33 0:00 0:00
Kirby Dach 0 0 0 0 0 2 1 0 0 0 2/8 13:58 0:00 0:00
Lucas Raymond 0 1 1 -1 0 1 1 0 1 1 1/1 18:25 1:18 0:56
Martin Fehervary 0 0 0 0 2 0 0 1 1 0 0/0 21:08 0:41 0:00
Mason Appleton 1 0 1 -1 0 2 0 0 0 0 0/2 15:03 0:55 0:58
Matthew Rempe 0 0 0 -3 0 1 5 1 0 0 1/2 18:11 0:00 0:00
Noah Dobson 0 1 1 -3 0 0 3 2 0 0 0/0 24:04 0:41 2:04
Thomas Harley 0 1 1 -3 0 1 3 4 0 1 0/0 24:50 1:18 1:54
Trevor Zegras 0 0 0 -1 0 3 0 1 2 0 0/0 5:17 1:04 0:00
Players Stats for Comets
Player Name G A P +/- PIM S H SB GA TA FO MP PP MP PK MP
------------------------------------------------------------------------------------
0 0 0 0 0 0 0 0 0 0 0/0 0:00 0:00 0:00
0 0 0 0 0 0 0 0 0 0 0/0 0:00 0:00 0:00
0 0 0 0 0 0 0 0 0 0 0/0 0:00 0:00 0:00
0 0 0 0 0 0 0 0 0 0 0/0 0:00 0:00 0:00
0 0 0 0 0 0 0 0 0 0 0/0 0:00 0:00 0:00
0 0 0 0 0 0 0 0 0 0 0/0 0:00 0:00 0:00
Alex Turcotte 0 0 0 -1 0 2 3 0 0 0 3/6 10:10 0:00 0:00
Alexandre Texier 3 1 4 3 0 5 0 0 0 1 0/0 16:37 1:55 0:09
Ben Meehan 0 0 0 1 0 0 0 0 0 0 0/0 4:56 0:00 0:00
Brett Howden 1 3 4 3 0 3 0 1 0 0 8/15 17:31 1:55 1:03
Brett Seney 0 1 1 1 0 5 1 0 0 0 15/27 21:40 2:03 0:38
Christian Wolanin 0 0 0 1 0 0 1 2 0 0 0/0 26:28 2:25 0:43
Conor Garland 1 0 1 1 0 4 1 0 1 0 1/1 21:40 2:03 0:38
Cristiano Digiacinto 0 0 0 -1 0 1 0 0 0 0 0/2 11:09 0:00 0:59
David Kase 0 0 0 -1 0 1 1 0 1 0 0/0 10:10 0:00 0:00
Eeli Tolvanen 0 0 0 0 0 0 1 0 1 0 0/0 10:21 0:00 0:00
Filip Roos 0 1 1 3 0 1 1 0 0 1 0/0 14:09 0:00 0:16
Jake Bean 0 1 1 0 2 4 1 0 2 1 0/0 20:53 2:25 0:00
Joonas Donskoi 0 0 0 0 0 0 0 1 0 0 0/0 10:52 0:00 0:31
Kailer Yamamoto 2 2 4 3 0 3 3 2 0 0 0/0 16:28 1:55 0:00
Marcus Bjork 0 0 0 -1 0 0 1 0 0 0 0/0 19:23 1:33 1:00
Mason Marchment 0 1 1 1 0 3 4 0 0 0 1/1 20:57 2:03 0:00
Nicolas Roy 0 1 1 0 0 0 1 0 1 1 2/4 10:21 0:00 0:00
Vincent Desharnais 0 1 1 3 0 1 1 0 0 1 0/0 14:52 0:00 0:59
Wyatt Kalynuk 0 0 0 -1 0 0 0 1 1 1 0/0 19:23 1:33 1:00
3 Stars
1 - Alexandre Texier (Uti)
2 - Kailer Yamamoto (Uti)
3 - Brett Howden (Uti)
Power Play
Rockets - 0 on 1 Attempt(s) - 0.00%
Comets - 0 on 2 Attempt(s) - 0.00%
Penalty Kill
Rockets - 2 on 2 Attempt(s) - 100.00%
- Score 0 goal in Penalty Kill
Comets - 1 on 1 Attempt(s) - 100.00%
- Score 0 goal in Penalty Kill
Team Stat
Rockets - Hits : 24 - Faceoff Wins : 26 - Blocked Shots : 15 - Penalty Minutes : 4
Comets - Hits : 20 - Faceoff Wins : 30 - Blocked Shots : 7 - Penalty Minutes : 2
Official
Referees : Chris Lee and Peter MacDougall
Linesman : Kory Nagy and Libor Suchanek
Game Notes
Trevor Zegras is injured at 15:18 of 1st period (Sore Right Knee)
Jakub Dobes enters game at 16:08 of 2nd period
Alexandre Texier has scored a Hat Trick!
Finance
Level 1 -- Attendance: 1904 (95.20%) -- Ticket Income $133,280
Level 2 -- Attendance: 888 (88.80%) -- Ticket Income $35,520
Total Attendance: 2792 (93.07%)
Total Ticket Income: $168,800
Other Income: $8,440
Total Income: $177,240
Rockets
5 vs 5 Forward
Center Left Wing Right Wing Time % Phy DF OF
1 Jake Evans Trevor Zegras Matthew Rempe 35 1 2 2
2 Jesperi Kotkaniemi Lucas Raymond Mason Appleton 30 1 2 2
3 Kirby Dach Alex Newhook Evan Rodrigues 20 1 2 2
4 Anders Bjork John-Jason Peterka Cole Caufield 15 1 2 2
5 vs 5 Defense
Defense Defense Time % Phy DF OF
1 Thomas Harley Noah Dobson 40 1 2 2
2 Kaiden Guhle Martin Fehervary 40 1 2 2
3 Arber Xhekaj Jayden Struble 15 2 2 1
4 Dennis Gilbert Arber Xhekaj 5 1 2 2
PowerPlay Forward
Center Left Wing Right Wing Time % Phy DF OF
1 Jake Evans Trevor Zegras Cole Caufield 70 1 2 2
2 Alex Newhook John-Jason Peterka Mason Appleton 30 1 2 2
PowerPlay Defense
Defense Defense Time % Phy DF OF
1 Thomas Harley Lucas Raymond 60 1 2 2
2 Martin Fehervary Noah Dobson 40 1 2 2
Penalty Kill 4 Players Forward
Center Wing Time % Phy DF OF
1 Jesperi Kotkaniemi Evan Rodrigues 60 1 2 2
2 Jake Evans Anders Bjork 40 1 2 2
Penalty Kill 4 Players Defense
Defense Defense Time % Phy DF OF
1 Dennis Gilbert Noah Dobson 60 1 2 2
2 Thomas Harley Arber Xhekaj 40 1 2 2
Penalty Kill - 3 Players Forward
Forward Time % Phy DF OF
1 Jesperi Kotkaniemi 60 1 2 2
2 Evan Rodrigues 40 1 2 2
Penalty Kill - 3 Players Defense
Defense Defense Time % Phy DF OF
1 Dennis Gilbert Noah Dobson 60 1 2 2
2 Thomas Harley Arber Xhekaj 40 1 2 2
4 vs 4 Forward
Center Wing Time % Phy DF OF
1 Jake Evans Trevor Zegras 60 1 2 2
2 Evan Rodrigues Anders Bjork 40 1 2 2
4 vs 4 Defense
Defense Defense Time % Phy DF OF
1 Dennis Gilbert Thomas Harley 60 1 2 2
2 Kaiden Guhle Noah Dobson 40 1 2 2
Last Minutes Offensive
Center Left Wing Right Wing Defense Defense
Jake Evans Trevor Zegras Evan Rodrigues Thomas Harley Noah Dobson
Last Minutes Defensive
Center Left Wing Right Wing Defense Defense
Jake Evans Trevor Zegras Evan Rodrigues Dennis Gilbert Noah Dobson
Goaltenders
Starting : Connor Hellebyuk
Backup : Jakub Dobes
Extra Forwards
Normal : Trevor Zegras, Anders Bjork, Jake Evans - PP : Kirby Dach, Anders Bjork - PK : Mason Appleton
Extra Defensemen
Normal : Noah Dobson, Kaiden Guhle, Jayden Struble - PP : Noah Dobson - PK : Kaiden Guhle, Jayden Struble
Penalty Shots
Lucas Raymond, Trevor Zegras, Alex Newhook, Cole Caufield, Anders Bjork
Custom OT Lines Forwards
Trevor Zegras, Mason Appleton, Jake Evans, Anders Bjork, Evan Rodrigues, Jesperi Kotkaniemi, Lucas Raymond, Alex Newhook, Cole Caufield, John-Jason Peterka
Custom OT Lines Defensemen
Dennis Gilbert, Noah Dobson, Thomas Harley, Jayden Struble, Arber Xhekaj
Scratches
Adam Wilsby (Healthy), Nathan Smith (Healthy), Mavrik Bourque (Healthy), Gustav Forsling (Groin Injury), Michael McCarron (Healthy)
Hunter Drew (Healthy), William Bitten (Healthy), Cole Koepke (Healthy), Joey Daccord (Healthy)
Comets
5 vs 5 Forward
Center Left Wing Right Wing Time % Phy DF OF
1 Brett Seney Mason Marchment Conor Garland 38 0 2 3
2 Brett Howden Alexandre Texier Kailer Yamamoto 30 0 2 3
3 Nicolas Roy Eeli Tolvanen Joonas Donskoi 20 0 2 3
4 Alex Turcotte Cristiano Digiacinto David Kase 12 0 3 2
5 vs 5 Defense
Defense Defense Time % Phy DF OF
1 Christian Wolanin Jake Bean 36 0 3 2
2 Wyatt Kalynuk Marcus Bjork 30 0 4 1
3 Vincent Desharnais Filip Roos 24 0 4 1
4 Ben Meehan Christian Wolanin 10 0 3 2
PowerPlay Forward
Center Left Wing Right Wing Time % Phy DF OF
1 Brett Seney Mason Marchment Conor Garland 60 1 0 4
2 Brett Howden Alexandre Texier Kailer Yamamoto 40 1 0 4
PowerPlay Defense
Defense Defense Time % Phy DF OF
1 Christian Wolanin Jake Bean 60 0 2 3
2 Wyatt Kalynuk Marcus Bjork 40 0 2 3
Penalty Kill 4 Players Forward
Center Wing Time % Phy DF OF
1 Brett Howden Cristiano Digiacinto 60 1 3 1
2 Brett Seney Conor Garland 40 1 3 1
Penalty Kill 4 Players Defense
Defense Defense Time % Phy DF OF
1 Wyatt Kalynuk Marcus Bjork 60 1 4 0
2 Jake Bean Vincent Desharnais 40 1 4 0
Penalty Kill - 3 Players Forward
Forward Time % Phy DF OF
1 Brett Howden 60 1 3 1
2 Cristiano Digiacinto 40 1 3 1
Penalty Kill - 3 Players Defense
Defense Defense Time % Phy DF OF
1 Wyatt Kalynuk Marcus Bjork 60 1 4 0
2 Jake Bean Vincent Desharnais 40 1 4 0
4 vs 4 Forward
Center Wing Time % Phy DF OF
1 Brett Seney Conor Garland 60 0 2 3
2 Brett Howden Alexandre Texier 40 0 2 3
4 vs 4 Defense
Defense Defense Time % Phy DF OF
1 Christian Wolanin Jake Bean 60 1 3 1
2 Wyatt Kalynuk Marcus Bjork 40 1 3 1
Last Minutes Offensive
Center Left Wing Right Wing Defense Defense
Brett Seney Mason Marchment Conor Garland Christian Wolanin Jake Bean
Last Minutes Defensive
Center Left Wing Right Wing Defense Defense
Brett Howden Cristiano Digiacinto Conor Garland Christian Wolanin Jake Bean
Goaltenders
Starting : Akira Schmid
Backup : Ukko-Pekka Luukkonen
Extra Forwards
Normal : Eeli Tolvanen, Alex Turcotte, Joonas Donskoi - PP : Eeli Tolvanen, Joonas Donskoi - PK : Joonas Donskoi
Extra Defensemen
Normal : Ben Meehan, Filip Roos, Vincent Desharnais - PP : Filip Roos - PK : Christian Wolanin, Filip Roos
Penalty Shots
Kailer Yamamoto, Alexandre Texier, Brett Seney, Joonas Donskoi, Eeli Tolvanen
Custom OT Lines Forwards
Conor Garland, Brett Seney, Kailer Yamamoto, Alexandre Texier, Brett Howden, Joonas Donskoi, Mason Marchment, Cristiano Digiacinto, Eeli Tolvanen, Nicolas Roy
Custom OT Lines Defensemen
Christian Wolanin, Jake Bean, Wyatt Kalynuk, Marcus Bjork, Vincent Desharnais
Scratches
Cross Hanas (Healthy), Daniel Torgersson (Healthy), Nikita Nesterenko (Healthy), Graeme Clarke (Healthy), Matthew Thiessen (Healthy)
% Time on Ice - Rockets
Lines # - Real PCT - Wanted PCT - Time Play
Normal Forward
1 - 34% - 35% - 18:11
2 - 24% - 30% - 13:11
3 - 26% - 20% - 13:58
4 - 16% - 15% - 8:43
Normal Defense
1 - 40% - 40% - 21:49
2 - 39% - 40% - 21:16
3 - 14% - 15% - 7:42
4 - 6% - 5% - 3:16
PP Forward
1 - 54% - 70% - 1:04
2 - 46% - 30% - 0:55
PP Defense
1 - 66% - 60% - 1:18
2 - 34% - 40% - 0:41
PK Forward
1 - 77% - 60% - 3:04
2 - 23% - 40% - 0:54
PK Defense
1 - 52% - 60% - 2:04
2 - 48% - 40% - 1:54
PK3 Forward
1 - 0% - 60%
2 - 0% - 40%
PK3 Defense
1 - 0% - 60%
2 - 0% - 40%
44 Forward
1 - 0% - 60%
2 - 0% - 40%
44 Defense
1 - 0% - 60%
2 - 0% - 40%
Last Minute Offensive - 0:00
Last Minute Defensive - 0:00
Total
Forward - 60:00
Defense - 60:00
|
% Time on Ice - Comets
Lines # - Real PCT - Wanted PCT - Time Play
Normal Forward
1 - 35% - 38% - 18:54
2 - 27% - 30% - 14:38
3 - 19% - 20% - 10:21
4 - 19% - 12% - 10:10
Normal Defense
1 - 34% - 36% - 18:24
2 - 31% - 30% - 16:55
3 - 26% - 24% - 13:48
4 - 9% - 10% - 4:56
PP Forward
1 - 52% - 60% - 2:03
2 - 48% - 40% - 1:55
PP Defense
1 - 61% - 60% - 2:25
2 - 39% - 40% - 1:33
PK Forward
1 - 68% - 60% - 1:21
2 - 32% - 40% - 0:38
PK Defense
1 - 50% - 60% - 1:00
2 - 50% - 40% - 0:59
PK3 Forward
1 - 0% - 60%
2 - 0% - 40%
PK3 Defense
1 - 0% - 60%
2 - 0% - 40%
44 Forward
1 - 0% - 60%
2 - 0% - 40%
44 Defense
1 - 0% - 60%
2 - 0% - 40%
Last Minute Offensive - 0:00
Last Minute Defensive - 0:00
Total
Forward - 60:00
Defense - 60:00
|
Play-by-Play
1st period
0:01 of 1st period - Mason Marchment wins face-off versus Jake Evans in neutral zone.
0:26 of 1st period - Alexandre Texier is hit by Noah Dobson and loses puck.
0:31 of 1st period - Snap shot by Mason Appleton.
0:31 of 1st period - Shot Misses the Net.
0:57 of 1st period - Snap shot by Evan Rodrigues.
0:57 of 1st period - Deflect By Kirby Dach.
0:57 of 1st period - Shot Misses the Net.
0:57 of 1st period - Puck is out of play.
0:58 of 1st period - Alex Turcotte wins face-off versus Anders Bjork in Comets zone.
0:58 of 1st period - Alex Turcotte is hit by Arber Xhekaj.
1:06 of 1st period - Snap shot by Cole Caufield.
1:06 of 1st period - Stopped by Akira Schmid with a rebound.
1:34 of 1st period - Snap shot by Trevor Zegras.
1:34 of 1st period - Deflect By Filip Roos.
1:34 of 1st period - Stopped by Akira Schmid without a rebound.
1:35 of 1st period - Jesperi Kotkaniemi wins face-off versus Brett Howden in Comets zone.
2:03 of 1st period - Evan Rodrigues is hit by Conor Garland and loses puck.
2:33 of 1st period - Wyatt Kalynuk is hit by Noah Dobson.
3:08 of 1st period - Snap shot by Kailer Yamamoto.
3:08 of 1st period - Shot Misses the Net.
3:10 of 1st period - Slapshot by Marcus Bjork.
3:10 of 1st period - Shot Misses the Net.
3:24 of 1st period - Marcus Bjork is hit by Kirby Dach and loses puck.
3:31 of 1st period - Snap shot by Evan Rodrigues.
3:31 of 1st period - Stopped by Akira Schmid without a rebound.
3:32 of 1st period - Brett Seney wins face-off versus Jake Evans in Comets zone.
3:32 of 1st period - Brett Seney is hit by Jake Evans.
3:44 of 1st period - Wrist shot by Trevor Zegras.
3:44 of 1st period - Stopped by Akira Schmid with a rebound.
3:46 of 1st period - Snap shot by Jake Evans.
3:46 of 1st period - Deflect By Trevor Zegras.
3:46 of 1st period - Shot Misses the Net.
3:46 of 1st period - Puck is out of play.
3:47 of 1st period - Jesperi Kotkaniemi wins face-off versus Nicolas Roy in Comets zone.
4:12 of 1st period - Trevor Zegras is hit by Mason Marchment and loses puck.
4:45 of 1st period - Snap shot by Cole Caufield.
4:45 of 1st period - Goal by Cole Caufield - Rockets : 1 - Comets : 0.
4:46 of 1st period - Jesperi Kotkaniemi wins face-off versus Brett Seney in neutral zone.
4:57 of 1st period - Snap shot by Conor Garland.
4:57 of 1st period - Shot Misses the Net.
4:59 of 1st period - Slapshot by Conor Garland.
4:59 of 1st period - Deflect By Mason Marchment.
4:59 of 1st period - Stopped by Connor Hellebyuk with a rebound.
5:18 of 1st period - Slapshot by Jake Evans.
5:18 of 1st period - Stopped by Akira Schmid with a rebound.
5:20 of 1st period - Slapshot by Thomas Harley.
5:20 of 1st period - Deflect By Jake Evans.
5:20 of 1st period - Shot Misses the Net.
5:20 of 1st period - Puck is out of play.
5:21 of 1st period - Brett Seney wins face-off versus Kirby Dach in Comets zone.
5:52 of 1st period - Slapshot by Alexandre Texier.
5:52 of 1st period - Stopped by Connor Hellebyuk without a rebound.
5:53 of 1st period - Jake Evans wins face-off versus Brett Howden in Rockets zone.
6:18 of 1st period - Thomas Harley is hit by Filip Roos and loses puck.
6:39 of 1st period - Wrist shot by Anders Bjork.
6:39 of 1st period - Shot Misses the Net.
6:41 of 1st period - Wrist shot by John-Jason Peterka.
6:41 of 1st period - Stopped by Akira Schmid with a rebound.
7:25 of 1st period - Alex Turcotte is hit by Thomas Harley and loses puck.
7:55 of 1st period - Slapshot by Anders Bjork.
7:55 of 1st period - Deflect By Cole Caufield.
7:55 of 1st period - Goal by Cole Caufield - Rockets : 2 - Comets : 0.
7:56 of 1st period - Matthew Rempe wins face-off versus Nicolas Roy in neutral zone.
8:11 of 1st period - Snap shot by Trevor Zegras.
8:11 of 1st period - Stopped by Akira Schmid with a rebound.
8:17 of 1st period - Minor Penalty to Jake Bean for Interference.
8:18 of 1st period - Jake Evans wins face-off versus Cristiano Digiacinto in Comets zone.
8:23 of 1st period - Snap shot by Trevor Zegras.
8:23 of 1st period - Shot Misses the Net.
10:17 of 1st period - Penalty to Jake Bean is over, Jake Bean is back on ice.
10:57 of 1st period - Slapshot by Conor Garland.
10:57 of 1st period - Shot Misses the Net.
11:45 of 1st period - Wrist shot by Cristiano Digiacinto.
11:45 of 1st period - Deflect By David Kase.
11:45 of 1st period - Shot Blocked by Martin Fehervary.
11:45 of 1st period - Puck is out of play.
11:46 of 1st period - Alex Turcotte wins face-off versus Jesperi Kotkaniemi in Rockets zone.
11:53 of 1st period - Slapshot by Alex Turcotte.
11:53 of 1st period - Stopped by Connor Hellebyuk without a rebound.
11:54 of 1st period - Jake Evans wins face-off versus Brett Seney in Rockets zone.
12:15 of 1st period - Vincent Desharnais is hit by Matthew Rempe and loses puck.
12:38 of 1st period - Snap shot by Brett Seney.
12:38 of 1st period - Stopped by Connor Hellebyuk with a rebound.
12:40 of 1st period - Snap shot by Conor Garland.
12:40 of 1st period - Goal by Conor Garland - Rockets : 2 - Comets : 1.
12:41 of 1st period - Brett Howden wins face-off versus Jesperi Kotkaniemi in neutral zone.
12:57 of 1st period - Slapshot by Jake Bean.
12:57 of 1st period - Deflect By Brett Howden.
12:57 of 1st period - Shot Blocked by Jesperi Kotkaniemi.
12:57 of 1st period - Puck is out of play.
12:58 of 1st period - Jake Evans wins face-off versus Brett Seney in Rockets zone.
13:05 of 1st period - Snap shot by Brett Seney.
13:05 of 1st period - Shot Blocked by Trevor Zegras.
13:07 of 1st period - Snap shot by Brett Seney.
13:07 of 1st period - Stopped by Connor Hellebyuk with a rebound.
13:09 of 1st period - Slapshot by Jake Bean.
13:09 of 1st period - Stopped by Connor Hellebyuk with a rebound.
13:11 of 1st period - Wrist shot by Brett Seney.
13:11 of 1st period - Deflect By Conor Garland.
13:11 of 1st period - Shot Misses the Net.
13:11 of 1st period - Puck is out of play.
13:12 of 1st period - Jesperi Kotkaniemi wins face-off versus Brett Howden in Rockets zone.
13:25 of 1st period - Snap shot by Alexandre Texier.
13:25 of 1st period - Shot Misses the Net.
13:29 of 1st period - Snap shot by Alexandre Texier.
13:29 of 1st period - Shot Blocked by Thomas Harley.
14:02 of 1st period - Cole Caufield is hit by Alex Turcotte and loses puck.
14:51 of 1st period - Slapshot by Alexandre Texier.
14:51 of 1st period - Goal by Alexandre Texier - Rockets : 2 - Comets : 2.
14:52 of 1st period - Brett Seney wins face-off versus Mason Appleton in neutral zone.
15:17 of 1st period - Trevor Zegras is hit by Kailer Yamamoto and loses puck.
15:18 of 1st period - Trevor Zegras from Rockets is injured at 15:18 of 1st period (Sore Right Knee).
15:19 of 1st period - Brett Seney wins face-off versus Jake Evans in Rockets zone.
15:45 of 1st period - Christian Wolanin is hit by Jesperi Kotkaniemi.
15:53 of 1st period - Wrist shot by Mason Appleton.
15:53 of 1st period - Goal by Mason Appleton - Rockets : 3 - Comets : 2.
15:54 of 1st period - Brett Howden wins face-off versus Jesperi Kotkaniemi in neutral zone.
16:28 of 1st period - Wrist shot by Anders Bjork.
16:28 of 1st period - Deflect By Jake Evans.
16:28 of 1st period - Shot Misses the Net.
16:28 of 1st period - Puck is out of play.
16:29 of 1st period - Brett Seney wins face-off versus Kirby Dach in Comets zone.
16:44 of 1st period - Wrist shot by Evan Rodrigues.
16:44 of 1st period - Stopped by Akira Schmid with a rebound.
17:24 of 1st period - Off-side.
17:25 of 1st period - Brett Seney wins face-off versus Jake Evans in neutral zone.
17:51 of 1st period - Conor Garland is hit by Kaiden Guhle and loses puck.
18:01 of 1st period - Slapshot by Vincent Desharnais.
18:01 of 1st period - Stopped by Connor Hellebyuk with a rebound.
18:03 of 1st period - Slapshot by Filip Roos.
18:03 of 1st period - Stopped by Connor Hellebyuk with a rebound.
18:05 of 1st period - Snap shot by Vincent Desharnais.
18:05 of 1st period - Shot Misses the Net.
18:09 of 1st period - Backhand shot by Conor Garland.
18:09 of 1st period - Stopped by Connor Hellebyuk with a rebound.
18:11 of 1st period - Snap shot by Brett Seney.
18:11 of 1st period - Stopped by Connor Hellebyuk with a rebound.
18:17 of 1st period - Snap shot by Conor Garland.
18:17 of 1st period - Stopped by Connor Hellebyuk without a rebound.
18:18 of 1st period - Brett Howden wins face-off versus Jesperi Kotkaniemi in Rockets zone.
19:16 of 1st period - Wrist shot by Cristiano Digiacinto.
19:16 of 1st period - Stopped by Connor Hellebyuk with a rebound.
19:38 of 1st period - Snap shot by Alex Newhook.
19:38 of 1st period - Shot Blocked by Kailer Yamamoto.
19:44 of 1st period - Kailer Yamamoto is hit by Evan Rodrigues and loses puck.
Goals for this period are 3 for Rockets vs 2 for Comets.
Shots for this period are 11 for Rockets vs 14 for Comets.
2nd period
0:01 of 2nd period - Jesperi Kotkaniemi wins face-off versus Brett Seney in neutral zone.
0:33 of 2nd period - Matthew Rempe is hit by Eeli Tolvanen and loses puck.
0:50 of 2nd period - Joonas Donskoi is hit by Alex Newhook and loses puck.
0:57 of 2nd period - Wrist shot by Evan Rodrigues.
0:57 of 2nd period - Stopped by Akira Schmid without a rebound.
0:58 of 2nd period - Brett Seney wins face-off versus Jesperi Kotkaniemi in Comets zone.
1:03 of 2nd period - Lucas Raymond is hit by Mason Marchment and loses puck.
1:24 of 2nd period - Anders Bjork is hit by Kailer Yamamoto and loses puck.
1:31 of 2nd period - Snap shot by Kailer Yamamoto.
1:31 of 2nd period - Goal by Kailer Yamamoto - Rockets : 3 - Comets : 3.
1:32 of 2nd period - Brett Howden wins face-off versus Jake Evans in neutral zone.
1:48 of 2nd period - Wrist shot by Alexandre Texier.
1:48 of 2nd period - Goal by Alexandre Texier - Rockets : 3 - Comets : 4.
1:49 of 2nd period - Brett Seney wins face-off versus Jesperi Kotkaniemi in neutral zone.
2:13 of 2nd period - Minor Penalty to Kaiden Guhle for Tripping.
2:14 of 2nd period - Jesperi Kotkaniemi wins face-off versus Brett Seney in Rockets zone.
2:45 of 2nd period - Icing by Jake Bean.
2:46 of 2nd period - Jesperi Kotkaniemi wins face-off versus Brett Seney in Comets zone.
3:05 of 2nd period - Snap shot by Jake Bean.
3:05 of 2nd period - Shot Misses the Net.
3:21 of 2nd period - Conor Garland is hit by Anders Bjork.
4:07 of 2nd period - Jake Bean is hit by Jake Evans and loses puck.
4:13 of 2nd period - Penalty to Kaiden Guhle is over, Kaiden Guhle is back on ice.
6:23 of 2nd period - John-Jason Peterka is hit by Mason Marchment and loses puck.
6:36 of 2nd period - Alexandre Texier is hit by Thomas Harley and loses puck.
7:45 of 2nd period - Mason Appleton is hit by Vincent Desharnais and loses puck.
8:39 of 2nd period - Matthew Rempe is hit by Christian Wolanin and loses puck.
8:54 of 2nd period - Thomas Harley is hit by Alex Turcotte and loses puck.
9:03 of 2nd period - Cristiano Digiacinto is hit by Noah Dobson and loses puck.
9:13 of 2nd period - Icing by Cole Caufield.
9:14 of 2nd period - Brett Seney wins face-off versus Kirby Dach in Rockets zone.
9:23 of 2nd period - Snap shot by Evan Rodrigues.
9:23 of 2nd period - Shot Misses the Net.
9:36 of 2nd period - Icing by Kirby Dach.
9:37 of 2nd period - Kirby Dach wins face-off versus Brett Howden in Rockets zone.
9:48 of 2nd period - Snap shot by Jake Evans.
9:48 of 2nd period - Stopped by Akira Schmid with a rebound.
9:50 of 2nd period - Wrist shot by Matthew Rempe.
9:50 of 2nd period - Stopped by Akira Schmid with a rebound.
9:52 of 2nd period - Snap shot by Jake Evans.
9:52 of 2nd period - Shot Blocked by Brett Howden.
10:26 of 2nd period - Alex Newhook is hit by Marcus Bjork and loses puck.
10:45 of 2nd period - Wrist shot by Anders Bjork.
10:45 of 2nd period - Stopped by Akira Schmid with a rebound.
11:04 of 2nd period - Jake Bean is hit by Lucas Raymond and loses puck.
11:20 of 2nd period - Icing by Christian Wolanin.
11:21 of 2nd period - Brett Seney wins face-off versus Kirby Dach in Comets zone.
11:25 of 2nd period - Off-side.
11:26 of 2nd period - Kirby Dach wins face-off versus Brett Seney in neutral zone.
11:29 of 2nd period - Backhand shot by Alex Newhook.
11:29 of 2nd period - Shot Blocked by Christian Wolanin.
11:47 of 2nd period - Slapshot by Thomas Harley.
11:47 of 2nd period - Stopped by Akira Schmid without a rebound.
11:48 of 2nd period - Jesperi Kotkaniemi wins face-off versus Brett Howden in Comets zone.
13:01 of 2nd period - Snap shot by Lucas Raymond.
13:01 of 2nd period - Stopped by Akira Schmid with a rebound.
13:55 of 2nd period - Off-side.
13:56 of 2nd period - Jake Evans wins face-off versus Brett Howden in neutral zone.
14:55 of 2nd period - Snap shot by Evan Rodrigues.
14:55 of 2nd period - Stopped by Akira Schmid without a rebound.
14:56 of 2nd period - Brett Howden wins face-off versus Jesperi Kotkaniemi in Comets zone.
15:44 of 2nd period - Nicolas Roy is hit by Arber Xhekaj and loses puck.
16:00 of 2nd period - Icing by Vincent Desharnais.
16:01 of 2nd period - Nicolas Roy wins face-off versus Jesperi Kotkaniemi in Comets zone.
16:08 of 2nd period - Slapshot by Kailer Yamamoto.
16:08 of 2nd period - Goal by Kailer Yamamoto - Rockets : 3 - Comets : 5.
16:08 of 2nd period - Jakub Dobes enters game.
16:09 of 2nd period - Jake Evans wins face-off versus Brett Seney in neutral zone.
16:12 of 2nd period - Conor Garland is hit by Matthew Rempe and loses puck.
17:02 of 2nd period - Icing by Alex Newhook.
17:03 of 2nd period - Alex Turcotte wins face-off versus Kirby Dach in Rockets zone.
17:06 of 2nd period - Wrist shot by Cristiano Digiacinto.
17:06 of 2nd period - Shot Blocked by Evan Rodrigues.
17:15 of 2nd period - Icing by Marcus Bjork.
17:16 of 2nd period - Jake Evans wins face-off versus Alex Turcotte in Comets zone.
17:17 of 2nd period - Snap shot by Anders Bjork.
17:17 of 2nd period - Deflect By Jake Evans.
17:17 of 2nd period - Shot Misses the Net.
17:17 of 2nd period - Puck is out of play.
17:18 of 2nd period - Brett Seney wins face-off versus Jake Evans in Comets zone.
17:47 of 2nd period - Backhand shot by Alex Newhook.
17:47 of 2nd period - Shot Blocked by Kailer Yamamoto.
17:54 of 2nd period - Off-side.
17:55 of 2nd period - Brett Howden wins face-off versus Jesperi Kotkaniemi in neutral zone.
18:51 of 2nd period - Snap shot by Kirby Dach.
18:51 of 2nd period - Stopped by Akira Schmid without a rebound.
18:52 of 2nd period - Conor Garland wins face-off versus Jesperi Kotkaniemi in Comets zone.
19:26 of 2nd period - Vincent Desharnais is hit by Thomas Harley.
Goals for this period are 0 for Rockets vs 3 for Comets.
Shots for this period are 8 for Rockets vs 3 for Comets.
3rd period
0:01 of 3rd period - Jesperi Kotkaniemi wins face-off versus Brett Seney in neutral zone.
0:30 of 3rd period - Martin Fehervary is hit by Jake Bean and loses puck.
0:49 of 3rd period - Wrist shot by Alex Newhook.
0:49 of 3rd period - Stopped by Akira Schmid without a rebound.
0:50 of 3rd period - Nicolas Roy wins face-off versus Evan Rodrigues in Comets zone.
0:50 of 3rd period - Nicolas Roy is hit by Alex Newhook.
1:00 of 3rd period - Slapshot by Joonas Donskoi.
1:00 of 3rd period - Shot Blocked by Noah Dobson.
1:28 of 3rd period - Slapshot by Kailer Yamamoto.
1:28 of 3rd period - Deflect By Brett Howden.
1:28 of 3rd period - Stopped by Jakub Dobes with a rebound.
1:30 of 3rd period - Slapshot by Brett Howden.
1:30 of 3rd period - Stopped by Jakub Dobes with a rebound.
1:32 of 3rd period - Snap shot by Brett Howden.
1:32 of 3rd period - Goal by Brett Howden - Rockets : 3 - Comets : 6.
1:33 of 3rd period - Brett Seney wins face-off versus Jesperi Kotkaniemi in neutral zone.
1:42 of 3rd period - Slapshot by Brett Seney.
1:42 of 3rd period - Shot Misses the Net.
1:44 of 3rd period - Slapshot by Jake Bean.
1:44 of 3rd period - Stopped by Jakub Dobes without a rebound.
1:45 of 3rd period - Brett Seney wins face-off versus Matthew Rempe in Rockets zone.
1:48 of 3rd period - Wrist shot by Conor Garland.
1:48 of 3rd period - Shot Blocked by Matthew Rempe.
1:50 of 3rd period - Snap shot by Brett Seney.
1:50 of 3rd period - Stopped by Jakub Dobes with a rebound.
1:52 of 3rd period - Snap shot by Mason Marchment.
1:52 of 3rd period - Stopped by Jakub Dobes with a rebound.
1:54 of 3rd period - Slapshot by Jake Bean.
1:54 of 3rd period - Stopped by Jakub Dobes without a rebound.
1:55 of 3rd period - Brett Seney wins face-off versus Jake Evans in Rockets zone.
2:12 of 3rd period - Snap shot by Brett Seney.
2:12 of 3rd period - Shot Blocked by Thomas Harley.
2:14 of 3rd period - Snap shot by Mason Marchment.
2:14 of 3rd period - Shot Blocked by Thomas Harley.
2:37 of 3rd period - Conor Garland is hit by Matthew Rempe and loses puck.
2:44 of 3rd period - Matthew Rempe is hit by Brett Seney and loses puck.
2:59 of 3rd period - Christian Wolanin is hit by Matthew Rempe and loses puck.
3:30 of 3rd period - Snap shot by Brett Seney.
3:30 of 3rd period - Shot Blocked by Noah Dobson.
3:32 of 3rd period - Snap shot by Mason Marchment.
3:32 of 3rd period - Shot Blocked by Jake Evans.
3:34 of 3rd period - Slapshot by Christian Wolanin.
3:34 of 3rd period - Shot Misses the Net.
3:36 of 3rd period - Snap shot by Conor Garland.
3:36 of 3rd period - Shot Misses the Net.
3:38 of 3rd period - Wrist shot by Brett Seney.
3:38 of 3rd period - Stopped by Jakub Dobes with a rebound.
3:40 of 3rd period - Slapshot by Jake Bean.
3:40 of 3rd period - Stopped by Jakub Dobes with a rebound.
3:42 of 3rd period - Slapshot by Jake Bean.
3:42 of 3rd period - Shot Misses the Net.
3:48 of 3rd period - Wrist shot by Conor Garland.
3:48 of 3rd period - Shot Misses the Net.
3:50 of 3rd period - Snap shot by Conor Garland.
3:50 of 3rd period - Stopped by Jakub Dobes with a rebound.
3:52 of 3rd period - Snap shot by Brett Seney.
3:52 of 3rd period - Deflect By Mason Marchment.
3:52 of 3rd period - Stopped by Jakub Dobes with a rebound.
3:54 of 3rd period - Snap shot by Brett Seney.
3:54 of 3rd period - Deflect By Conor Garland.
3:54 of 3rd period - Shot Blocked by Thomas Harley.
3:54 of 3rd period - Puck is out of play.
3:55 of 3rd period - Brett Howden wins face-off versus Jesperi Kotkaniemi in Rockets zone.
4:02 of 3rd period - Snap shot by Alexandre Texier.
4:02 of 3rd period - Stopped by Jakub Dobes with a rebound.
4:04 of 3rd period - Slapshot by Kailer Yamamoto.
4:04 of 3rd period - Stopped by Jakub Dobes with a rebound.
4:06 of 3rd period - Snap shot by Kailer Yamamoto.
4:06 of 3rd period - Deflect By Alexandre Texier.
4:06 of 3rd period - Goal by Alexandre Texier - Rockets : 3 - Comets : 7.
4:07 of 3rd period - Brett Howden wins face-off versus Mason Appleton in neutral zone.
4:39 of 3rd period - Snap shot by Kirby Dach.
4:39 of 3rd period - Stopped by Akira Schmid with a rebound.
4:41 of 3rd period - Slapshot by Kaiden Guhle.
4:41 of 3rd period - Stopped by Akira Schmid with a rebound.
4:43 of 3rd period - Slapshot by Martin Fehervary.
4:43 of 3rd period - Shot Blocked by Joonas Donskoi.
4:56 of 3rd period - Icing by Vincent Desharnais.
4:57 of 3rd period - Jesperi Kotkaniemi wins face-off versus Alex Turcotte in Comets zone.
5:00 of 3rd period - Wrist shot by John-Jason Peterka.
5:00 of 3rd period - Stopped by Akira Schmid without a rebound.
5:01 of 3rd period - Jesperi Kotkaniemi wins face-off versus Cristiano Digiacinto in Comets zone.
5:10 of 3rd period - Snap shot by Cole Caufield.
5:10 of 3rd period - Stopped by Akira Schmid with a rebound.
5:24 of 3rd period - John-Jason Peterka is hit by Alex Turcotte.
5:42 of 3rd period - Wrist shot by Cristiano Digiacinto.
5:42 of 3rd period - Shot Misses the Net.
5:44 of 3rd period - Snap shot by Alex Turcotte.
5:44 of 3rd period - Stopped by Jakub Dobes with a rebound.
5:52 of 3rd period - Wrist shot by Cristiano Digiacinto.
5:52 of 3rd period - Shot Blocked by Jesperi Kotkaniemi.
5:54 of 3rd period - Slapshot by Alex Turcotte.
5:54 of 3rd period - Deflect By David Kase.
5:54 of 3rd period - Stopped by Jakub Dobes with a rebound.
6:28 of 3rd period - Slapshot by Thomas Harley.
6:28 of 3rd period - Shot Misses the Net.
7:38 of 3rd period - Snap shot by Jesperi Kotkaniemi.
7:38 of 3rd period - Goal by Jesperi Kotkaniemi - Rockets : 4 - Comets : 7.
7:39 of 3rd period - Jake Evans wins face-off versus Brett Howden in neutral zone.
7:44 of 3rd period - Snap shot by Jake Evans.
7:44 of 3rd period - Shot Misses the Net.
7:46 of 3rd period - Snap shot by Martin Fehervary.
7:46 of 3rd period - Deflect By Jake Evans.
7:46 of 3rd period - Stopped by Akira Schmid with a rebound.
7:48 of 3rd period - Slapshot by Martin Fehervary.
7:48 of 3rd period - Shot Misses the Net.
7:50 of 3rd period - Slapshot by Kaiden Guhle.
7:50 of 3rd period - Shot Misses the Net.
7:52 of 3rd period - Wrist shot by Jake Evans.
7:52 of 3rd period - Deflect By Brett Howden.
7:52 of 3rd period - Stopped by Akira Schmid without a rebound.
7:53 of 3rd period - Jake Evans wins face-off versus Brett Seney in Comets zone.
9:00 of 3rd period - Icing by Jake Bean.
9:01 of 3rd period - Lucas Raymond wins face-off versus Brett Seney in Comets zone.
9:05 of 3rd period - Snap shot by Matthew Rempe.
9:05 of 3rd period - Shot Misses the Net.
9:20 of 3rd period - Wrist shot by Kailer Yamamoto.
9:20 of 3rd period - Shot Blocked by Arber Xhekaj.
9:46 of 3rd period - Snap shot by Anders Bjork.
9:46 of 3rd period - Stopped by Akira Schmid with a rebound.
10:10 of 3rd period - Wrist shot by Conor Garland.
10:10 of 3rd period - Shot Misses the Net.
10:12 of 3rd period - Snap shot by Conor Garland.
10:12 of 3rd period - Shot Blocked by Kaiden Guhle.
10:52 of 3rd period - Anders Bjork is hit by Nicolas Roy and loses puck.
13:10 of 3rd period - Icing by Brett Seney.
13:11 of 3rd period - Brett Seney wins face-off versus Kirby Dach in Comets zone.
14:32 of 3rd period - Minor Penalty to Martin Fehervary for Slashing.
14:33 of 3rd period - Jesperi Kotkaniemi wins face-off versus Brett Seney in Rockets zone.
14:37 of 3rd period - Wrist shot by Jesperi Kotkaniemi.
14:37 of 3rd period - Shot Misses the Net.
14:45 of 3rd period - Wrist shot by Evan Rodrigues.
14:45 of 3rd period - Shot Blocked by Wyatt Kalynuk.
14:47 of 3rd period - Slapshot by Dennis Gilbert.
14:47 of 3rd period - Deflect By Wyatt Kalynuk.
14:47 of 3rd period - Stopped by Akira Schmid with a rebound.
16:15 of 3rd period - Snap shot by Mason Appleton.
16:15 of 3rd period - Shot Blocked by Christian Wolanin.
16:17 of 3rd period - Wrist shot by Mason Appleton.
16:17 of 3rd period - Stopped by Akira Schmid with a rebound.
16:32 of 3rd period - Penalty to Martin Fehervary is over, Martin Fehervary is back on ice.
16:37 of 3rd period - Wyatt Kalynuk is hit by Matthew Rempe and loses puck.
16:52 of 3rd period - Joonas Donskoi is hit by Jake Evans and loses puck.
17:02 of 3rd period - Icing by Anders Bjork.
17:03 of 3rd period - Jake Evans wins face-off versus Alex Turcotte in Rockets zone.
17:03 of 3rd period - Jake Evans is hit by David Kase.
17:28 of 3rd period - Kaiden Guhle is hit by Mason Marchment and loses puck.
17:53 of 3rd period - Snap shot by Brett Seney.
17:53 of 3rd period - Shot Misses the Net.
18:58 of 3rd period - Wrist shot by Joonas Donskoi.
18:58 of 3rd period - Shot Misses the Net.
19:26 of 3rd period - Evan Rodrigues is hit by Kailer Yamamoto.
Goals for this period are 1 for Rockets vs 2 for Comets.
Shots for this period are 11 for Rockets vs 16 for Comets.